 Dungeon Crawl Stone Soup version 0.23.2-33-g5129a83184 (webtiles) character file.

Game seed: 17010250836291313785

569 H0rd4k the Cudgeler (level 7, 0/51 HPs)
             Began as a Human Artificer on July 23, 2019.
             Was an Initiate of Wu Jian.
             Slain by an adder (4 damage)
             ... on level 5 of the Dungeon.
             The game lasted 00:07:43 (5265 turns).

H0rd4k the Cudgeler (Human Artificer)               Turns: 5265, Time: 00:07:45

Health: 0/51       AC:  6    Str: 14    XL:     7   Next: 60%
Magic:  9/9        EV: 12    Int: 11    God:    Wu Jian [......]
Gold:   286        SH:  0    Dex: 14    Spells: 6/6 levels left

rFire    . . .     SeeInvis .   v - +6 flail
rCold    . . .     Gourm    .   (no shield)
rNeg     . . .     Faith    .   t - +0 ring mail
rPois    .         Spirit   .   E - +1 hat
rElec    .         Reflect  .   (no cloak)
rCorr    .         Harm     .   (no gloves)
MR       .....                  (no boots)
Stlth    +.........             (no amulet)
HPRegen  0.17/turn              (no ring)
MPRegen  0.11/turn              (no ring)

@: no status effects
A: no striking features
a: Renounce Religion


You were on level 5 of the Dungeon.
You worshipped Wu Jian.
Wu Jian was noncommittal.
You were hungry.

You visited 1 branch of the dungeon, and saw 5 of its levels.

You collected 286 gold pieces.

Inventory:

Hand Weapons
 v - a +6 flail (weapon)
 A - a +1 dagger of electrocution
Missiles
 o - 8 javelins (quivered)
 u - 13 poisoned needles
Armour
 b - a +0 leather armour
 t - a +0 ring mail (worn)
 E - a +1 hat (worn)
Wands
 c - a wand of flame (10)
 d - a wand of enslavement (24)
 e - a wand of random effects (15)
 D - a wand of paralysis (8)
Scrolls
 a - 2 scrolls of identify
 i - a scroll of magic mapping
 w - a scroll of fog {unknown}
 y - a scroll of blinking {unknown}
 B - 3 scrolls of teleportation {unknown}
 H - a scroll of immolation {unknown}
Potions
 h - 2 potions of lignification
 j - a potion of degeneration
 l - a potion of invisibility {unknown}
 n - 2 potions of heal wounds
 r - 2 potions of resistance
 s - a potion of cancellation
 x - a potion of haste
 z - a potion of might
 C - 2 potions of curing
 F - a potion of agility {unknown}
 G - a potion of brilliance {unknown}
Comestibles
 f - 5 rations


   Skills:
 + Level 2.4 Fighting
 + Level 2.6 Short Blades
 - Level 3.7 Maces & Flails
 + Level 3.2 Armour
 + Level 3.4 Dodging
 + Level 1.7 Stealth
 * Level 0.7 Unarmed Combat
 + Level 3.6 Evocations


You had 6 spell levels left.
You didn't know any spells.
Your spell library was empty.

Dungeon Overview and Level Annotations

Branches:
Dungeon (5/15)
 Temple: D:4-7

Altars:
Dithmenos
Fedhas
Qazlal
Wu Jian
Yredelemnul

Annotations:
D:2 exclusion: downstairs
D:5 Prince Ribbit


Message History

The adder closely misses you.
You barely miss Prince Ribbit. Prince Ribbit barely misses you.
The adder bites you but does no damage.
Prince Ribbit hits you but does no damage.
You closely miss Prince Ribbit. The adder closely misses you.
Prince Ribbit misses you. The adder misses you.
You miss Prince Ribbit. Prince Ribbit hits you!
The adder bites you but does no damage. Prince Ribbit barely misses you.
The adder barely misses you.
You closely miss Prince Ribbit. Prince Ribbit hits you!
* * * LOW HITPOINT WARNING * * *
The adder bites you but does no damage. Prince Ribbit hits you.
* * * LOW HITPOINT WARNING * * *
You thump Prince Ribbit!
Prince Ribbit is moderately wounded.
The sentinel's mark upon you fades away.
The adder closely misses you. Prince Ribbit hits you.
* * * LOW HITPOINT WARNING * * *
The adder bites you.
You die...

#...#.##.#
#..#.#.#
####.###..#
###...## ##.##
.......###...#
........#....#
...#####.###.#
####
#.###.########
#.....SrS@F..#
....#########..#
###.### ..#
.....# ..#
###..# ..# ..#
..# ..#


You could see Prince Ribbit, 2 adders and a quokka.

Vanquished Creatures
  An ogre (D:4)
  2 scorpions (D:4)
  A crimson imp (D:5)
  A centaur zombie (D:5)
  3 hounds
  Ijyb (D:4)
  An orc wizard (D:3)
  A worker ant (D:4)
  6 adders
  3 oozes
  A worm (D:2)
  2 dart slugs
  2 leopard geckos
  9 orcs
  A ball python (D:1)
  8 giant cockroaches
  6 goblins
  6 hobgoblins
  3 jackals
  2 quokkas
  11 bats
  4 frilled lizards
  10 kobolds
  7 rats
92 creatures vanquished.

Notes
Turn   | Place    | Note
-------+----------+-------------------------------------------
     0 | D:1      | H0rd4k the Human Artificer began the quest for the Orb.
     0 | D:1      | Reached XP level 1. HP: 15/15 MP: 3/3
    42 | D:1      | Reached XP level 2. HP: 15/21 MP: 4/4
   411 | D:1      | Reached XP level 3. HP: 11/26 MP: 5/5
   432 | D:1      | HP: 1/26 [leopard gecko (4)]
  1522 | D:2      | Found a blossoming altar of Fedhas.
  1754 | D:2      | Reached skill level 1 in Armour
  1754 | D:2      | Reached XP level 4. HP: 22/32 MP: 6/6
  1787 | D:2      | Found an ornate altar of the Wu Jian Council.
  3070 | D:2      | Reached XP level 5. HP: 17/37 MP: 7/7
  3748 | D:3      | Found a basalt altar of Yredelemnul.
  3748 | D:3      | Found a stormy altar of Qazlal.
  3784 | D:3      | Reached skill level 1 in Maces & Flails
  3879 | D:3      | Found a shadowy altar of Dithmenos.
  4030 | D:2      | Became a worshipper of the Wu Jian Council
  4124 | D:4      | Reached XP level 6. HP: 44/44 MP: 8/8
  4359 | D:4      | Noticed Ijyb
  4377 | D:4      | Killed Ijyb
  4624 | D:4      | Reached XP level 7. HP: 29/50 MP: 9/9
  4899 | D:5      | Entered Level 5 of the Dungeon
  5250 | D:5      | Noticed Prince Ribbit
  5265 | D:5      | Slain by an adder

Skill      XL: |  1  2  3  4  5  6  7 |
---------------+----------------------+-----
Short Blades   | 2 |  2.6
Armour         | 1 2 3 |  3.2
Maces & Flails | 2 3 |  3.7
Dodging        | 3 |  3.4
Fighting       | 2 |  2.4
Stealth        | |  1.7
Unarmed Combat | |  0.7
Evocations     | |  3.6

Action                   |  1- 3 |  4- 6 |  7- 9 || total
-------------------------+-------+-------+-------++-------
Melee: Short sword       |   150 |    95 |       ||   245
       Flail             |       |    83 |    33 ||   116
Invok: Lunge             |       |       |     4 ||     4
Evoke: Wand              |       |     5 |       ||     5
  Use: Scroll            |       |       |    12 ||    12
 Stab: Sleeping          |     3 |       |     1 ||     4
  Eat: Chunk             |     1 |     7 |     2 ||    10
       Ration            |       |     1 |       ||     1
Armor: Leather armour    |    38 |    15 |       ||    53
       Ring mail         |       |    62 |    14 ||    76
Dodge: Dodged            |    92 |   136 |    29 ||   257
